 Dungeon Crawl Stone Soup version 0.23-a0-629-gae4348f (webtiles) character file.

37264 Mgcat the Severer (level 13, -6/136 HPs)
             Began as a Demonspawn Berserker on Dec 24, 2018.
             Was a High Priest of Trog.
             Mangled by a tyrant leech (18 damage)
             ... on level 6 of the Lair of Beasts on Dec 25, 2018.
             The game lasted 00:40:58 (17758 turns).

Mgcat the Severer (Demonspawn Berserker)           Turns: 17758, Time: 00:40:59

Health: -6/136     AC: 21    Str: 32    XL:     13   Next: 57%
Magic:  0/13       EV: 14    Int: 10    God:    Trog [*****.]
Gold:   1139       SH:  0    Dex: 12    Spells: 12/12 levels left

rFire    . . .     SeeInvis .   N - +3 executioner's axe (elec)
rCold    . . .     Gourm    +   (shield currently unavailable)
rNeg     . . .     Faith    .   q - +0 plate armour
rPois    +         Spirit   +   (helmet unavailable)
rElec    .         Reflect  .   z - +2 cloak {rPois}
rCorr    .         Harm     .   (no gloves)
MR       .....                  D - +2 pair of boots
Stlth    ..........             a - amulet of the gourmand {Gourm, !d}
HPRegen  0.32/turn              F - +4 ring of evasion
MPRegen  0.26/turn              x - +5 ring of strength

@: berserking, very quick
A: horns 3, yellow scales 2, spiny 1, magic shield, magic regeneration
a: Berserk, Trog's Hand, Brothers in Arms, Renounce Religion


You were on level 6 of the Lair of Beasts.
You worshipped Trog.
Trog was extremely pleased with you.
You were very full.

You visited 2 branches of the dungeon, and saw 19 of its levels.
You also visited: Gauntlet.

You collected 1169 gold pieces.
You spent 30 gold pieces at shops.

Inventory:

Hand Weapons
 N - a +3 executioner's axe of electrocution (weapon)
   (Trog gifted it to you on level 10 of the Dungeon)
Missiles
 I - 16 curare-tipped needles
Armour
 q - a +0 plate armour (worn)
   (You found it on level 5 of the Dungeon)
 z - a +2 cloak of poison resistance (worn)
   (You found it on level 3 of the Lair of Beasts)
 D - a +2 pair of boots (worn)
   (You found it on level 8 of the Dungeon)
 Q - the +4 skin of Zhor {Hibernate rC+++ SInv}
   (You took it off a minotaur in a Gauntlet)

   It renders you almost immune to cold.
   It lets you see invisible.
Jewellery
 a - an amulet of the gourmand (around neck) {Gourm, !d}
   (You found it in a Gauntlet)
 i - an uncursed ring of protection from cold {rC+, !d}
   (You found it on level 1 of the Dungeon)
 x - a +5 ring of strength (right hand)
   (You found it on level 4 of the Dungeon)
 F - a +4 ring of evasion (left hand)
   (You found it on level 1 of the Lair of Beasts)
 P - an uncursed ring of attention
   (You found it in a Gauntlet)
Wands
 u - a wand of digging (11)
   (You found it on level 7 of the Dungeon)
 w - a wand of enslavement (29)
   (You took it off Ijyb on level 3 of the Dungeon)
 y - a wand of scattershot (6)
   (You took it off an orc on level 8 of the Dungeon)
 E - a wand of clouds (10)
   (You found it on level 9 of the Dungeon)
 H - a wand of polymorph (24)
   (You found it on level 9 of the Dungeon)
 L - a wand of random effects (28)
   (You took it off Maurice on level 10 of the Dungeon)
 R - a wand of flame (17)
   (You found it in a Gauntlet)
Scrolls
 b - 9 scrolls of identify
 f - 5 scrolls of immolation {!r}
 j - 5 scrolls of fog
 s - 5 scrolls of remove curse
 v - 4 scrolls of enchant armour
 C - 6 scrolls of teleportation
 K - a scroll of magic mapping {!r}
 M - 3 scrolls of summoning
Potions
 d - 6 potions of brilliance
 e - 2 potions of agility
 g - 5 potions of curing
 h - 3 potions of haste
 k - 3 potions of might
 l - 5 potions of lignification {!q}
 m - 3 potions of flight
 n - a potion of invisibility
 o - 3 potions of magic
 p - 4 potions of heal wounds
 r - 2 potions of mutation {unknown}
 t - 2 potions of resistance
 A - 2 potions of ambrosia
 B - a potion of cancellation
 O - a potion of berserk rage {unknown}
Miscellaneous
 G - a fan of gales
   (You found it on level 9 of the Dungeon)
 J - a box of beasts
Comestibles
 c - 32 rations


   Skills:
 - Level 5.0 Fighting
 + Level 18.9 Axes
 - Level 5.0 Armour
 - Level 5.0 Dodging


You had 12 spell levels left.
You didn't know any spells.
Your spell library contained the following spells:

 Spells                   Type           Power        Failure   Level  Hunger
 Flame Tongue             Conj/Fire      #....        97%         1    ##.....
 Freeze                   Ice            #...         97%         1    ##.....
 Pain                     Necr           #...         97%         1    ##.....
 Shock                    Conj/Air       #...         97%         1    ##.....
 Corpse Rot               Necr           N/A          99%         2    ###....
 Swiftness                Chrm/Air       #.......     99%         2    ###....
 Throw Frost              Conj/Ice       #.....       99%         2    ###....
 Ignite Poison            Fire/Tmut/Pois #.......     100%        3    ####...
 Ozocubu's Armour         Chrm/Ice       #.......     100%        3    ####...
 Regeneration             Chrm/Necr      #.........   100%        3    ####...
 Static Discharge         Conj/Air       #.......     100%        3    ####...
 Airstrike                Air            #.........   100%        4    #####..
 Cause Fear               Hex            #.........   100%        4    #####..
 Leda's Liquefaction      Hex/Erth       #.........   100%        4    #####..
 Petrify                  Tmut/Erth      #.......     100%        4    #####..
 Summon Ice Beast         Ice/Summ       #.......     100%        4    #####..
 Throw Icicle             Conj/Ice       #.......     100%        4    #####..
 Agony                    Necr           #.......     100%        5    ######.
 Bolt of Magma            Conj/Fire/Erth #.........   100%        5    ######.
 Dispel Undead            Necr           #.......     100%        5    ######.
 Fireball                 Conj/Fire      #.........   100%        5    ######.
 Lightning Bolt           Conj/Air       #.........   100%        5    ######.
 Bolt of Fire             Conj/Fire      #.........   100%        6    #######
 Iron Shot                Conj/Erth      #.........   100%        6    #######
 Statue Form              Tmut/Erth      #........    100%        6    #######
 Dragon Form              Tmut           #.........   100%        7    #######
 Ring of Flames           Chrm/Fire      #.........   100%        7    #######
 Ignition                 Fire           #.........   100%        8    #######
 Dragon's Call            Summ           #.........   100%        9    #######
 Shatter                  Erth           #.........   100%        9    #######


Dungeon Overview and Level Annotations

Branches:
Dungeon (13/15)            Temple (0/1) D:5            Lair (6/6) D:9
  Swamp (0/4) Lair:4        Snake (0/4) Lair:2        Slime (0/5) Lair:5
    Orc (0/2) D:10
 Vaults: D:13-14

Altars:
Ashenzari
Cheibriados
Dithmenos
Fedhas
Hepliaklqana
Kikubaaqudgha
Makhleb
Qazlal
Sif Muna
Trog
Vehumet
Xom
Yredelemnul
Zin
The Shining One
Jiyva

Shops:
D:7 !   D:8 ([}

Annotations:
D:7 4 runed doors, Amnesiac's ghost, novice SpBe
Lair:2 3 runed doors, Jestus's ghost, journeyman TrMo
Lair:4 exclusion: oklob plant


Innate Abilities, Weirdness & Mutations

You have a pair of large horns on your head.
You are mostly covered in yellow scales. (AC +3)
You are partially covered in sharp spines.
When hurt, damage is shared between your health and your magic reserves.
You regenerate magic rapidly.


Message History

A tyrant leech comes into view.
A swamp worm comes into view.
The moth of wrath goads the tyrant leech on!
The tyrant leech goes berserk!
The swamp worm is struck by your spines.
The swamp worm misses you.
You cut the tyrant leech into ribbons!!!
Lightning courses through the tyrant leech!
Your headbutt misses the tyrant leech.
The tyrant leech is severely wounded.
You slash the swamp worm!
Lightning courses through the swamp worm!
You kill the swamp worm!
Trog accepts your kill.
You slash the tyrant leech! You slice the komodo dragon!!
The komodo dragon bites you!
You slice the tyrant leech!!
You kill the tyrant leech!
Trog accepts your kill. Something appears at your feet!
Trog grants you a weapon!
You hit the tyrant leech. You slash the dream sheep!
You completely miss the tyrant leech. You hit the komodo dragon.
The komodo dragon closely misses you. The tyrant leech bites you!!
* * * LOW HITPOINT WARNING * * *
The tyrant leech draws strength from your injuries!
The tyrant leech is struck by your spines.
The tyrant leech bites you but does no damage.
A tyrant leech comes into view.
The moth of wrath goads the tyrant leech on!
The tyrant leech goes berserk!
Unknown command.
Unknown command.
Unknown command.
Unknown command.
You closely miss the tyrant leech. Your headbutt misses the tyrant leech.
You slice the dream sheep!!
You kill the dream sheep!
Trog accepts your kill.
You barely miss the tyrant leech. You slash the komodo dragon!
The komodo dragon bites you!
* * * LOW HITPOINT WARNING * * *
The tyrant leech is struck by your spines.
The tyrant leech misses you. x2
The moth of wrath goads the swamp worm on!
The swamp worm goes berserk!
The komodo dragon closely misses you.
The moth of wrath goads the dream sheep on!
The dream sheep goes berserk!
You miss the tyrant leech. Your headbutt misses the tyrant leech.
You slice the komodo dragon!! You slice the tyrant leech!!
You slash the komodo dragon!
You kill the komodo dragon!
Trog accepts your kill.
The tyrant leech closely misses you. x2; The komodo dragon closely misses you.
You slice the tyrant leech!!
Lightning courses through the tyrant leech!
You headbutt the tyrant leech!!
The tyrant leech is severely wounded.
You slash the komodo dragon! You miss the tyrant leech.
You slice the dream sheep!!
The moth of wrath goads the komodo dragon on!
The komodo dragon goes berserk!
The dream sheep bites you.
* * * LOW HITPOINT WARNING * * *
A tyrant leech comes into view.
The tyrant leech is struck by your spines.
The tyrant leech closely misses you.
The tyrant leech is struck by your spines.
The tyrant leech bites you!
* * * LOW HITPOINT WARNING * * *
The tyrant leech draws strength from your injuries!
You hit the swamp worm. You headbutt the swamp worm!
The swamp worm is moderately wounded.
You slice the tyrant leech!!
You kill the tyrant leech!
Trog accepts your kill.
You slice the komodo dragon!!
You feel the power of Trog in you as your rage grows.
You kill the komodo dragon!
Trog accepts your kill.
You completely miss the tyrant leech. You closely miss the dream sheep.
The swamp worm is struck by your spines.
The swamp worm misses you.
The dream sheep bites you but does no damage.
The tyrant leech bites you!
* * * LOW HITPOINT WARNING * * *
The tyrant leech draws strength from your injuries!
The swamp worm barely misses you.
A tyrant leech comes into view.
Your plate armour prevents you from hitting the moth of wrath.
You headbutt the moth of wrath.
The moth of wrath is lightly wounded.
You miss the tyrant leech. You hit the dream sheep.
Lightning courses through the dream sheep!
You kill the dream sheep!
Trog accepts your kill.
You slash the swamp worm!
The swamp worm is struck by your spines.
The swamp worm barely misses you.
The moth of wrath is struck by your spines.
The moth of wrath barely misses you. The tyrant leech bites you!!
You die...

................ ...$.PP
P..............# ≈≈.≈.PP
#............... ≈≈≈≈.≈<
...P....(..#...#
#≈≈≈..PP..............#
≈#P≈≈..................P
www≈≈...................
#≈≈w.y##..........#.#..
#≈≈yww@................
≈≈≈≈...w†...............
≈≈......................
.....#....†........#....
..?..#....#..P.....P....
....lP....##............
......$...##............
...(.........P..........
....#..P.............


You could see 5 tyrant leeches, 2 moths of wrath and 2 swamp worms.

Vanquished Creatures
  A minotaur (Gauntlet)
  A hydra (D:10)
  A hell hog (Gauntlet)
  6 death yaks (Lair:4)
  Pikel (D:7)
  2 ugly things (D:11)
  A manticore (D:11)
  A deep elf mage (D:13)
  Maurice (D:10)
  2 black mambas (Lair:2)
  4 spiny frogs
  An eye of devastation (Lair:5)
  A smoke demon (Gauntlet)
  A rime drake (Lair:5)
  7 komodo dragons
  3 trolls
  2 tyrant leeches (Lair:6)
  A polar bear (Lair:5)
  A bog body (Lair:4)
  3 hippogriffs
  8 blink frogs
  15 dream sheep
  6 flying skulls (Gauntlet)
  A spriggan (D:7)
  4 fire bats (Gauntlet)
  2 wyverns
  29 yaks
  A steam dragon (D:10)
  3 vampire mosquitoes
  A warg (D:10)
  2 nagas (Lair:2)
  2 hell hounds (Gauntlet)
  11 water moccasins
  An acid dragon (D:11)
  3 insubstantial wisps (Lair:4)
  A swamp worm (Lair:6)
  5 porcupines
  9 orc warriors
  5 sky beasts
  A slave (D:7)
  An ice beast (D:12)
  2 black bears
  An eye of draining (Lair:5)
  4 ogres
  9 centaurs
  5 wolves (Lair:1)
  6 crocodiles
  A big kobold (D:9)
  17 bullfrogs
  3 scorpions
  A wyvern zombie (D:11)
  10 killer bees
  5 wights (D:8)
  3 howler monkeys
  13 crimson imps
  3 bullfrog zombies
  4 centaur zombies
  2 jellies
  2 hounds
  13 orc priests
  3 centaur skeletons
  Ijyb (D:3)
  4 iguanas
  17 orc wizards
  12 worker ants
  2 hound skeletons (D:7)
  A worker ant zombie (D:5)
  23 adders
  4 gnolls (D:10)
  A river rat (D:3)
  2 shadow imps
  An ooze (D:6)
  An adder skeleton (D:8)
  2 adder zombies
  5 worms
  4 dart slugs
  2 leopard geckos
  59 orcs
  5 giant cockroaches
  3 goblins
  9 hobgoblins
  8 jackals
  12 kobolds
  4 quokkas
  3 ball pythons
  A ball python skeleton (D:6)
  5 bats
  4 frilled lizards
  2 jackal skeletons
  A leopard gecko skeleton (D:7)
  A quokka zombie (D:5)
  10 rats
  3 fungi (Lair:4)
  6 plants
477 creatures vanquished.

Vanquished Creatures (collateral kills)
  A hydra (Lair:2)
  Joseph (D:10)
2 creatures vanquished.

Vanquished Creatures (others)
  A bog body (Lair:4)
  2 slaves (D:7)
  An adder (D:3)
  A hobgoblin (D:3)
  5 plants
  3 toadstools (D:7)
13 creatures vanquished.

Grand Total: 492 creatures vanquished

Notes
Turn   | Place    | Note
-------+----------+-------------------------------------------
     0 | D:1      | Mgcat the Demonspawn Berserker began the quest for the Orb.
     0 | D:1      | Reached XP level 1. HP: 18/18 MP: 1/1
   261 | D:1      | Reached skill level 3 in Axes
   261 | D:1      | Gained mutation: You have a pair of small horns on your
                  | head. [demonic ancestry]
   261 | D:1      | Reached XP level 2. HP: 18/24 MP: 2/2
   975 | D:2      | Reached ** piety under Trog
   993 | D:2      | Reached XP level 3. HP: 25/30 MP: 3/3
  1946 | D:3      | Reached skill level 4 in Fighting
  2000 | D:3      | Gained mutation: You are partially covered in sharp spines.
                  | [demonic ancestry]
  2000 | D:3      | Reached XP level 4. HP: 30/37 MP: 4/4
  2003 | D:3      | Reached skill level 4 in Axes
  2133 | D:3      | Found a radiant altar of Vehumet.
  2155 | D:3      | You fall through a shaft for 3 floors!
  2163 | D:6      | Gained mutation: You are partially covered in yellow
                  | scales. (AC +2) [demonic ancestry]
  2163 | D:6      | Reached XP level 5. HP: 43/43 MP: 5/5
  2410 | D:5      | Entered Level 5 of the Dungeon
  2410 | D:5      | Found a snail-covered altar of Cheibriados.
  2540 | D:5      | Reached skill level 5 in Fighting
  2596 | D:5      | Noticed an ogre
  2601 | D:5      | Killed an ogre
  2601 | D:5      | Reached skill level 5 in Axes
  2601 | D:5      | Gained mutation: You have a pair of horns on your head.
                  | [demonic ancestry]
  2601 | D:5      | Reached XP level 6. HP: 51/51 MP: 6/6
  2675 | D:5      | Found a staircase to the Ecumenical Temple.
  2708 | D:5      | HP: 18/76 [orc/+0 club (4)]
  2710 | D:5      | HP: 8/76 [orc wizard/magic dart (4)]
  2713 | D:5      | Reached skill level 6 in Axes
  2724 | D:5      | HP: 5/51 [shadow imp (2)]
  2724 | D:5      | HP: 1/51 [shadow imp (4)]
  3070 | D:5      | Reached *** piety under Trog
  3070 | D:5      | Gained mutation: You are mostly covered in yellow scales.
                  | (AC +3) [demonic ancestry]
  3070 | D:5      | Reached XP level 7. HP: 55/56 MP: 7/7
  3340 | D:3      | Found a faded altar of an unknown god.
  3340 | D:3      | Found a burning altar of Makhleb.
  3346 | D:3      | Found a deep blue altar of Sif Muna.
  3348 | D:3      | Found a hazy altar of Hepliaklqana.
  3350 | D:3      | Found a faded altar of an unknown god.
  3407 | D:3      | Noticed Ijyb
  3411 | D:3      | Killed Ijyb
  3411 | D:3      | Reached skill level 7 in Axes
  3622 | D:3      | Found a basalt altar of Yredelemnul.
  3747 | D:3      | Found a glowing golden altar of the Shining One.
  4026 | D:3      | Noticed an angel
  4133 | D:5      | Reached skill level 8 in Axes
  4279 | D:5      | Gained mutation: When hurt, damage is shared between your
                  | health and your magic reserves. [demonic ancestry]
  4279 | D:5      | Reached XP level 8. HP: 60/62 MP: 8/8
  4341 | D:5      | Found a shadowy altar of Dithmenos.
  4897 | D:4      | Reached **** piety under Trog
  5282 | D:4      | Reached skill level 9 in Axes
  6092 | D:7      | Noticed Pikel
  6106 | D:7      | Killed Pikel
  6106 | D:7      | Reached skill level 10 in Axes
  6132 | D:7      | Found a runed gate.
  6133 | D:7      | Found a runed gate.
  6134 | D:7      | Found a runed gate.
  6203 | D:7      | Gained mutation: You have a pair of large horns on your
                  | head. [demonic ancestry]
  6203 | D:7      | Reached XP level 9. HP: 66/68 MP: 7/9
  6210 | D:7      | Found Lets's Distillery.
  6442 | D:7      | Bought 2 potions of degeneration for 30 gold pieces
  6451 | D:7      | Found a blossoming altar of Fedhas.
  6453 | D:7      | Found an ancient bone altar of Kikubaaqudgha.
  6584 | D:7      | Found a runed door.
  6748 | D:7      | Reached skill level 11 in Axes
  6777 | D:7      | Noticed Amnesiac's ghost (novice SpBe)
  6969 | D:8      | Found a glowing silver altar of Zin.
  7019 | D:8      | Reached ***** piety under Trog
  7029 | D:8      | Found a bloodstained altar of Trog.
  7103 | D:8      | Found a stormy altar of Qazlal.
  7103 | D:8      | Found Xogroax's Gadget Emporium.
  7216 | D:8      | Found Rasain's Weapon Shop.
  7232 | D:8      | Reached skill level 12 in Axes
  7511 | D:8      | Found a shimmering altar of Xom.
  7606 | D:8      | Found Pugufeil's Armour Boutique.
  7611 | D:8      | Upgraded the game from 0.23-a0-625-g1d2cd9b to
                  | 0.23-a0-629-gae4348f
  7708 | D:9      | Reached XP level 10. HP: 65/74 MP: 8/10
  7820 | D:9      | Reached skill level 13 in Axes
  8164 | D:9      | Found a staircase to the Lair.
  8604 | D:10     | Entered Level 10 of the Dungeon
  8748 | D:10     | Found a staircase to the Orcish Mines.
  8749 | D:10     | Reached skill level 14 in Axes
  8753 | D:10     | Received a gift from Trog
  8753 | D:10     | Reached skill level 2 in Armour
  8753 | D:10     | Reached skill level 2 in Dodging
  8774 | D:10     | Reached skill level 3 in Armour
  8822 | D:10     | Reached skill level 3 in Dodging
  9036 | D:10     | Found a shattered altar of Ashenzari.
  9065 | D:10     | Noticed Maurice
  9074 | D:10     | Killed Maurice
  9110 | D:10     | Reached XP level 11. HP: 61/79 MP: 8/11
  9116 | D:10     | Reached skill level 4 in Armour
  9116 | D:10     | Reached skill level 4 in Dodging
  9486 | D:10     | Noticed an eight-headed hydra
  9499 | D:10     | Killed a 13-headed hydra
  9507 | D:10     | Noticed Joseph
  9514 | D:10     | Killed Joseph
  9821 | D:10     | Received a gift from Trog
  9825 | D:10     | Reached skill level 5 in Armour
  9828 | D:10     | Reached skill level 5 in Dodging
 10212 | D:11     | Noticed a brown ugly thing
 10219 | D:11     | Killed a brown ugly thing
 10376 | D:11     | Noticed a green ugly thing
 10383 | D:11     | Killed a green ugly thing
 10627 | D:11     | HP: 18/79 [manticore (14)]
 11094 | D:11     | You fall through a shaft for 2 floors!
 11110 | D:13     | Reached skill level 15 in Axes
 11196 | D:13     | Received a gift from Trog
 11306 | D:13     | Noticed a deep elf mage
 11323 | D:13     | Killed a deep elf mage
 11692 | Lair:1   | Entered Level 1 of the Lair of Beasts
 12542 | Lair:2   | Received a gift from Trog
 12572 | Lair:2   | Reached XP level 12. HP: 84/86 MP: 12/12
 12666 | Lair:2   | Found a runed gate.
 12668 | Lair:2   | Found a runed gate.
 12675 | Lair:2   | Found a runed gate.
 12782 | Lair:2   | Found a staircase to the Snake Pit.
 12870 | Lair:2   | Reached skill level 16 in Axes
 13180 | Lair:2   | Noticed an eight-headed hydra
 13185 | Lair:2   | Killed a nine-headed hydra
 13387 | Lair:2   | Noticed Jestus's ghost (journeyman TrMo)
 13388 | Lair:2   | Found a viscous altar of Jiyva.
 14576 | Lair:4   | Found a staircase to the Swamp.
 15127 | Lair:4   | Noticed a death yak
 15127 | Lair:4   | Noticed a death yak
 15128 | Lair:4   | Noticed a death yak
 15129 | Lair:4   | Noticed a death yak
 15131 | Lair:4   | Noticed a death yak
 15132 | Lair:4   | Noticed a death yak
 15138 | Lair:4   | Killed a death yak
 15138 | Lair:4   | Reached skill level 17 in Axes
 15142 | Lair:4   | Killed a death yak
 15143 | Lair:4   | Killed a death yak
 15143 | Lair:4   | Killed a death yak
 15146 | Lair:4   | Killed a death yak
 15147 | Lair:4   | Killed a death yak
 15686 | Lair:5   | Gained mutation: You regenerate magic rapidly. [demonic
                  | ancestry]
 15686 | Lair:5   | Reached XP level 13. HP: 91/91 MP: 13/13
 15891 | Lair:5   | Found a staircase to the Slime Pits.
 16203 | Lair:5   | Reached skill level 18 in Axes
 16466 | Lair:6   | Entered Level 6 of the Lair of Beasts
 16466 | Lair:6   | Found a gate leading to a gauntlet.
 16484 | Gauntlet | Entered a Gauntlet
 16484 | Gauntlet | Found a transporter.
 16495 | Gauntlet | Found a transporter.
 16497 | Gauntlet | Found a transporter.
 16506 | Gauntlet | Found a transporter.
 16521 | Gauntlet | Found a transporter.
 16527 | Gauntlet | Found a transporter.
 16548 | Gauntlet | Found a transporter.
 16561 | Gauntlet | Found a transporter.
 16573 | Gauntlet | Found a transporter.
 16580 | Gauntlet | Found a transporter.
 16595 | Gauntlet | Found a transporter.
 16607 | Gauntlet | Found a transporter.
 16613 | Gauntlet | Found a transporter.
 16615 | Gauntlet | Found a transporter.
 16615 | Gauntlet | Found a transporter.
 16632 | Gauntlet | Found a transporter.
 16649 | Gauntlet | Found a transporter.
 16668 | Gauntlet | Found a transporter.
 16916 | Gauntlet | Received a gift from Trog
 16985 | Gauntlet | HP: 22/91 [hell hog (4)]
 17235 | Gauntlet | Identified the +5 scimitar of Vooruf {slice, MR+}
 17235 | Gauntlet | Noticed a minotaur
 17243 | Gauntlet | Killed a minotaur
 17278 | Gauntlet | Identified the Reference Book on Unholy Arts and Stones
 17753 | Lair:6   | Received a gift from Trog
 17754 | Lair:6   | HP: 31/136 [komodo dragon (7)]
 17757 | Lair:6   | HP: 12/136 [tyrant leech (6)]
 17758 | Lair:6   | Mangled by a tyrant leech

Vault maps used:
D:1:      roderic_octagonal_star, minmay_tiny_reverse_x
D:2:      minmay_split_cup_small
D:3:      grunt_temple_overflow_holy_war, chequers_temple_overflow_minitemple,
          fiery_altar_vehumet, lightli_sewer_entry_pipes, fountainhead,
          minmay_divided_ellipse, uniq_ijyb
D:5:      nicolae_dithmenos_the_darkroom, kennysheep_slug_shrine,
          minmay_temple_entry_mini_moons, first_ration,
          hangedman_abyss_or_decor_jellyfish_corner, minmay_misc_feat_enclosed
D:6:      grunt_ministairs_13
D:7:      grunt_temple_overflow_growth_and_decay, serial_shops, shop,
          gammafunk_ghost_necromancy, the_bakery, minmay_gold_behind_fungi,
          uniq_pikel, uniq_crazy_yiuf_cottage
D:8:      nicolae_overflow_crystal_walls, grunt_temple_overflow_open,
          serial_shops, shop, shop, kennysheep_little_box, basic_altar
D:9:      grunt_lair_entry_orc_guard_hut, minmay_fractal_squares_gapless_7
D:10:     erik_orc_3, basic_altar, uniq_maurice, uniq_joseph
Lair:2:   guppyfry_snake_entry_island, gammafunk_ghost_ooze,
          chequers_serial_rivers_marsh, patterned_corridor
Lair:3:   chequers_serial_rivers_room_a
Lair:4:   minmay_lair_oklob_tunnel, skrybe_swamp_entry_bodies, pond
Lair:5:   minmay_slime_entry_eyes
Lair:6:   evilmike_catoblepas_cave, gauntlet_entry_generic, worms_lemuel
Gauntlet: gammafunk_gauntlet_one_two_three

Skill      XL: |  1  2  3  4  5  6  7  8  9 10 11 12 13 |
---------------+----------------------------------------+-----
Axes           | 3 4 5 6 8 10 12 14 15 17 18 | 18.9
Fighting       | 4 5 |  5.0
Armour         | 3 5 |  5.0
Dodging        | 3 5 |  5.0

Action                   |  1- 3 |  4- 6 |  7- 9 | 10-12 | 13-15 || total
-------------------------+-------+-------+-------+-------+-------++-------
Melee: Hand axe          |   108 |    75 |    59 |       |       ||   242
       Headbutt          |    10 |    14 |    55 |   104 |    25 ||   208
       War axe           |       |       |   210 |   183 |       ||   393
       Executioner's axe |       |       |       |   249 |   119 ||   368
Invok: Berserk           |     3 |     4 |     8 |     5 |     3 ||    23
       Trog's Hand       |       |     1 |       |       |       ||     1
       Brothers in Arms  |       |       |       |     3 |       ||     3
Evoke: Wand              |       |       |       |     1 |       ||     1
  Use: Scroll            |     5 |       |    15 |     9 |     2 ||    31
       Potion            |       |     1 |       |     1 |     1 ||     3
 Stab: Distracted        |       |       |       |     1 |       ||     1
  Eat: Chunk             |     4 |     8 |    24 |    30 |    14 ||    80
       Ration            |       |       |       |       |     1 ||     1
Armor: Animal skin       |    23 |    10 |    21 |       |       ||    54
       Plate armour      |       |       |   108 |   242 |    59 ||   409
Dodge: Dodged            |    74 |    34 |    97 |   201 |    71 ||   477

Table legend:
 A = Non-vault XP
 B = Vault XP
 C = Vault XP percentage of total XP
 D = Non-vault monster count
 E = Vault monster count
 F = Vault count percentage of total count
                 A         B        C        D         E       F
            +---------+---------+-------+---------+---------+-------
      Total |   41413 |   11822 |  22.2 |     377 |      93 |  19.8
            +---------+---------+-------+---------+---------+-------
        D:1 |      31 |       3 |   8.8 |      16 |       2 |  11.1
        D:2 |      43 |       5 |  10.4 |      10 |       3 |  23.1
        D:3 |     102 |     415 |  80.3 |      15 |      22 |  59.5
        D:4 |     370 |       0 |   0.0 |      15 |       0 |   0.0
        D:5 |     814 |       4 |   0.5 |      30 |       1 |   3.2
        D:6 |     127 |      48 |  27.4 |       6 |       1 |  14.3
        D:7 |     793 |     846 |  51.6 |      21 |       2 |   8.7
        D:8 |    1446 |       0 |   0.0 |      40 |       0 |   0.0
        D:9 |    1787 |    1237 |  40.9 |      29 |      13 |  31.0
       D:10 |    4599 |    1373 |  23.0 |      50 |      17 |  25.4
       D:11 |    3670 |       0 |   0.0 |      35 |       0 |   0.0
       D:12 |     727 |       0 |   0.0 |       7 |       0 |   0.0
       D:13 |    1985 |       0 |   0.0 |      10 |       0 |   0.0
     Lair:1 |     819 |       0 |   0.0 |       7 |       0 |   0.0
     Lair:2 |    4796 |     316 |   6.2 |      20 |       2 |   9.1
     Lair:3 |    2233 |       0 |   0.0 |       9 |       0 |   0.0
     Lair:4 |    7281 |    1229 |  14.4 |      17 |       7 |  29.2
     Lair:5 |    4033 |     536 |  11.7 |      16 |       2 |  11.1
     Lair:6 |    5757 |     742 |  11.4 |      24 |       3 |  11.1
   Gauntlet |       0 |    5068 | 100.0 |       0 |      18 | 100.0
            +---------+---------+-------+---------+---------+-------

Vault maps used:
D:1:      roderic_octagonal_star, minmay_tiny_reverse_x
D:2:      minmay_split_cup_small
D:3:      grunt_temple_overflow_holy_war, chequers_temple_overflow_minitemple,
          fiery_altar_vehumet, lightli_sewer_entry_pipes, fountainhead,
          minmay_divided_ellipse, uniq_ijyb
D:5:      nicolae_dithmenos_the_darkroom, kennysheep_slug_shrine,
          minmay_temple_entry_mini_moons, first_ration,
          hangedman_abyss_or_decor_jellyfish_corner, minmay_misc_feat_enclosed
D:6:      grunt_ministairs_13
D:7:      grunt_temple_overflow_growth_and_decay, serial_shops, shop,
          gammafunk_ghost_necromancy, the_bakery, minmay_gold_behind_fungi,
          uniq_pikel, uniq_crazy_yiuf_cottage
D:8:      nicolae_overflow_crystal_walls, grunt_temple_overflow_open,
          serial_shops, shop, shop, kennysheep_little_box, basic_altar
D:9:      grunt_lair_entry_orc_guard_hut, minmay_fractal_squares_gapless_7
D:10:     erik_orc_3, basic_altar, uniq_maurice, uniq_joseph
Lair:2:   guppyfry_snake_entry_island, gammafunk_ghost_ooze,
          chequers_serial_rivers_marsh, patterned_corridor
Lair:3:   chequers_serial_rivers_room_a
Lair:4:   minmay_lair_oklob_tunnel, skrybe_swamp_entry_bodies, pond
Lair:5:   minmay_slime_entry_eyes
Lair:6:   evilmike_catoblepas_cave, gauntlet_entry_generic, worms_lemuel
Gauntlet: gammafunk_gauntlet_one_two_three

Table legend:
 A = Turns spent in this place as a percentage of turns spent in the entire game.
 B = Non-inter-level travel turns spent in this place as a percentage of non-inter-level travel turns spent in the entire game.
 C = Inter-level travel turns spent in this place as a percentage of turns spent in this place.
 D = Turns resting spent in this place as a percentage of non-inter-level travel turns spent in this place.
 E = Turns spent auto-exploring this place as a percentage of non-inter-level travel turns spent in this place.
 F = Non-inter-level travel turns spent in this place divided by the number of levels of this place that you've seen.
                   A       B       C       D       E      F
               +-------+-------+-------+-------+-------+----------------------
         Total | 100.0 | 100.0 |   3.5 |  17.8 |  67.3 | 856.8
       Dungeon |  65.8 |  65.5 |   4.0 |  18.9 |  65.3 | 863.1
          Lair |  29.7 |  29.9 |   2.8 |  14.0 |  75.2 | 853.2
      Gauntlet |   4.5 |   4.7 |   0.0 |  27.2 |  44.5 | 797.0
               +-------+-------+-------+-------+-------+----------------------

Table legend:
 A = Kills in this place as a percentage of kills in entire the game.
 B = Kills by you in this place as a percentage of kills by you in the entire game.
 C = Kills by friends in this place as a percentage of kills by friends in the entire game.
 D = Other kills in this place as a percentage of other kills in the entire game.
 E = Experience gained in this place as a percentage of experience gained in the entire game.
 F = Experience gained in this place divided by the number of levels of this place that you have seen.
                   A       B       C       D       E      F
               +-------+-------+-------+-------+-------+----------------------
         Total | 100.0 | 100.0 | 100.0 | 100.0 | 100.0 | 2661.8
       Dungeon |  73.4 |  73.7 |  50.0 |   0.0 |  38.4 | 1571.2
          Lair |  22.8 |  22.5 |  50.0 | 100.0 |  52.1 | 4623.7
      Gauntlet |   3.8 |   3.9 |   0.0 |   0.0 |   9.5 | 5068.0
               +-------+-------+-------+-------+-------+----------------------
